AoeStats
← Orange Juice

Black Forest

509386056Analyzed
4v4 RM · 7d ago on Sep 26, 2026· 58m 57s· 8 players
Game mode
Random Map
Map size
Large (8 player)
Population
200
Speed
Normal
Resources
Standard
Victory
Conquest
Starting age
Dark Age
Ending age
Imperial Age
RankedLock teamsTeams togetherTeam positionsShared explorationLock speedFull tech treeHidden civsTurbo modeCheats
Victory
Defeat
🇭🇰 Celts · Hong Kong SAR China
1100
+10
🇬🇧 Persians · United Kingdom
1044
+12
🇭🇰 Bohemians · Hong Kong SAR China
950
+16
🇹🇼 Franks · Taiwan
934
+18
🇨🇦 Berbers · Canada
1008
-16
🇨🇴 Mongols · Colombia
977
-15
🇸🇪 Saracens · Sweden
937
-13
🇮🇹 Teutons · Italy
925
-12
Eng - Esp
5:01 Loom
11:34 Feudal Age
15:40 Castle Age
13:35 Horse Collar
14:01 Double-Bit Axe
19:49 Heavy Plow
20:53 Wheelbarrow
20:03 Town Watch
21:22 Town Watch
22:49 Fletching
24:40 Hand Cart
24:25 Town Patrol
25:59 Town Patrol
25:55 Gold Mining
25:55 Stone Mining
26:51 Bow Saw
27:36 Forging
27:18 Fletching
27:32 Padded Archer Armor
27:53 Bloodlines
27:45 Husbandry
28:30 Scale Barding Armor
29:00 Iron Casting
29:13 Bodkin Arrow
32:45 Imperial Age
29:47 Light Cavalry
31:35 Gold Shaft Mining
31:35 Stone Shaft Mining
30:59 Murder Holes
31:26 Caravan
31:56 Coinage
32:08 Coinage
32:05 Nomads
32:59 Leather Archer Armor
33:04 Chain Barding Armor
32:54 Capped Ram
34:14 Conscription
34:20 Drill
34:00 Siege Ram
34:05 Elite Mangudai
34:14 Hussar
35:19 Bracer
35:42 Ballistics
37:07 Onager
40:04 Chemistry
39:14 Masonry
40:43 Blast Furnace
39:28 Siege Onager
41:23 Siege Engineers
49:52 Banking
54:34 Hoardings
53:29 Sappers
54:02 Scale Mail Armor
TheKiddO233
12:03 Feudal Age
15:46 Castle Age
13:29 Horse Collar
13:43 Double-Bit Axe
18:20 Loom
21:08 Heavy Plow
24:17 Bow Saw
25:17 Wheelbarrow
27:04 Gold Mining
30:30 Imperial Age
28:13 Fletching
28:24 Padded Archer Armor
29:03 Kasbah
29:35 Bodkin Arrow
29:55 Leather Archer Armor
30:39 Hand Cart
31:25 Ballistics
32:10 Chemistry
31:17 Siege Engineers
31:34 Ballistics
31:27 Masonry
31:58 Elite Camel Archer
33:54 Conscription
33:36 Maghrebi Camels
34:11 Hoardings
34:26 Bracer
34:56 Ring Archer Armor
35:33 Crop Rotation
35:30 Town Watch
37:11 Caravan
46:17 Bloodlines
46:08 Husbandry
48:26 Light Cavalry
49:14 Scale Barding Armor
49:19 Forging
49:45 Hussar
53:12 Chain Barding Armor
53:27 Iron Casting
54:52 Plate Barding Armor
58:21 Blast Furnace
57:31 Heavy Camel Rider
Orange Juice
0:30 Loom
13:42 Feudal Age
18:39 Castle Age
18:15 Double-Bit Axe
20:08 Bow Saw
19:44 Horse Collar
29:39 Wheelbarrow
30:47 Hand Cart
32:05 Ballistics
34:36 Imperial Age
32:32 Scale Barding Armor
32:37 Forging
33:18 Forging
34:40 Chain Barding Armor
34:56 Iron Casting
36:20 Chemistry
35:23 Elite Mameluke
39:11 Plate Barding Armor
39:37 Blast Furnace
39:14 Masonry
41:20 Bimaristan
51:57 Caravan
51:37 Onager
52:32 Man-at-Arms
53:57 Long Swordsman
55:19 Two-Handed Swordsman
FraButtu89
12:05 Feudal Age
17:41 Castle Age
16:25 Double-Bit Axe
24:22 Fishing Lines
24:27 Horse Collar
27:38 Heavy Plow
27:58 Bow Saw
29:52 Fortified Wall
33:44 Imperial Age
32:27 Town Watch
33:17 Wheelbarrow
33:12 Gillnets
33:16 Pikeman
33:57 Squires
33:42 Gambesons
33:43 Arson
34:35 Halberdier
36:20 Two-Man Saw
35:36 Gold Mining
35:37 Stone Mining
37:19 Chemistry
39:03 Hand Cart
39:00 Scale Mail Armor
39:10 Forging
44:44 Iron Casting
44:25 Chain Mail Armor
45:50 Heavy Scorpion
47:46 Blast Furnace
47:17 Plate Mail Armor
47:32 Ironclad
53:58 Coinage
53:39 Guilds
53:30 Caravan
心死就在一瞬間
4:48 Loom
11:45 Feudal Age
15:42 Double-Bit Axe
16:19 Gold Mining
18:59 Castle Age
16:56 Stone Mining
18:29 Fishing Lines
20:32 Bow Saw
22:51 Fervor
23:49 Gillnets
27:26 Wheelbarrow
29:03 Hand Cart
28:57 Caravan
33:10 Imperial Age
31:18 Gold Shaft Mining
31:38 Scale Barding Armor
31:34 Scale Mail Armor
31:45 Forging
31:01 Pikeman
31:44 Squires
31:40 Arson
33:14 Halberdier
33:25 Cavalier
34:06 Husbandry
34:56 Paladin
36:39 Coinage
36:35 Chain Barding Armor
36:31 Chain Mail Armor
36:51 Iron Casting
37:50 Chivalry
40:41 Plate Barding Armor
40:37 Plate Mail Armor
41:07 Blast Furnace
44:08 Blast Furnace
52:26 Light Cavalry
Lamlam
11:10 Feudal Age
15:06 Castle Age
13:02 Double-Bit Axe
15:30 Horse Collar
17:51 Bow Saw
20:04 Wheelbarrow
22:18 Heavy Plow
24:25 Hand Cart
24:24 Loom
24:36 Gold Mining
25:21 Stone Mining
29:28 Gold Shaft Mining
30:01 Stone Shaft Mining
30:20 Masonry
32:42 Imperial Age
29:57 Town Watch
30:26 Forging
30:23 Scale Barding Armor
30:55 Ballistics
30:51 Caravan
30:35 Pikeman
31:16 Squires
31:37 Murder Holes
32:19 Iron Casting
31:45 Padded Archer Armor
32:42 Gambesons
32:43 Arson
35:36 Blast Furnace
34:57 Chain Barding Armor
34:53 Leather Archer Armor
34:29 Fletching
34:52 Bloodlines
34:43 Husbandry
34:55 Town Patrol
34:57 Onager
36:59 Chemistry
36:30 Architecture
35:36 Heavy Camel Rider
35:41 Light Cavalry
36:43 Halberdier
38:01 Elite War Elephant
39:02 Conscription
38:46 Kamandaran
38:11 Hussar
40:07 Two-Man Saw
39:40 Crop Rotation
40:09 Citadels
41:49 Plate Barding Armor
41:15 Scale Mail Armor
41:48 Ring Archer Armor
41:16 Bodkin Arrow
42:52 Hoardings
41:56 Elite Skirmisher
43:03 Herbal Medicine
43:22 Scale Mail Armor
42:51 Cavalier
44:46 Savar
50:09 Chain Mail Armor
55:08 Thumb Ring
54:23 Crossbowman
little4
2:01 Loom
14:53 Feudal Age
18:30 Castle Age
17:30 Double-Bit Axe
20:00 Wheelbarrow
21:22 Bow Saw
22:54 Horse Collar
24:41 Fishing Lines
25:45 Gillnets
26:39 Gold Mining
27:55 Heavy Plow
29:16 Fortified Wall
29:30 Stone Mining
34:56 Imperial Age
32:44 Hand Cart
33:41 Gold Shaft Mining
33:47 Stone Shaft Mining
35:01 Onager
36:12 Heavy Scorpion
39:03 Siege Engineers
39:19 Ballistics
41:54 Furor Celtica
42:31 Man-at-Arms
42:57 Gambesons
43:14 Scale Mail Armor
43:25 Forging
42:41 Pikeman
43:57 Caravan
43:53 Halberdier
45:03 Chain Mail Armor
45:42 Siege Onager
45:50 Long Swordsman
47:03 Plate Mail Armor
47:08 Iron Casting
51:00 Murder Holes
50:57 Fletching
52:08 Blast Furnace
nigrum cattus
0:30 Loom
14:16 Feudal Age
19:00 Castle Age
17:31 Double-Bit Axe
20:06 Fishing Lines
28:18 Gillnets
28:10 Pikeman
28:54 Squires
31:49 Imperial Age
29:58 Wheelbarrow
30:21 Bow Saw
31:58 Scale Mail Armor
32:09 Forging
33:14 Horse Collar
35:28 Hand Cart
36:14 Halberdier
37:11 Chain Mail Armor
37:32 Iron Casting
36:46 Arson
37:51 Heavy Plow
38:24 Conscription
37:25 Elite Hussite Wagon
40:04 Chemistry
40:41 Plate Mail Armor
41:12 Blast Furnace
42:35 Wagenburg Tactics
46:37 Fletching
50:25 Bombard Tower
51:05 Caravan
54:35 Two-Man Saw
Connection lost

Rejoining the realm…

Still unreachable

The connection could not be restored.

Session expired

The server has moved on; the page needs a fresh start.